 Dungeon Crawl Stone Soup version 0.30.1-4-g462c640d31 (webtiles) character file.

Game seed: 16619731579745161705

454 spardeous the Chopper (level 6, 0/57 HPs)
             Began as a Minotaur Berserker on Aug 21, 2023.
             Was a Believer of Trog.
             Succumbed to a gnoll's poison
             ... on level 4 of the Dungeon.
             The game lasted 00:03:04 (3278 turns).

spardeous the Chopper (Minotaur Berserker)          Turns: 3278, Time: 00:03:05

Health: 0/57       AC: 12    Str: 24    XL:     6   Next: 76%
Magic:  5/5        EV:  7    Int:  4    God:    Trog [**....]
Gold:   188        SH:  0    Dex:  9    Spells: 5/5 levels left

rFire   . . .        a - +0 hand axe
rCold   . . .        (no shield)
rNeg    . . .        o - +0 plate armour
rPois   .            (helmet restricted)
rElec   .            (no cloak)
rCorr   .            (no gloves)
SInv    .            (no boots)
Will    .....        (no amulet) Stlth
                     (no ring)
HPRegen 0.29/turn    (no ring)
MPRegen 0.09/turn

%: no passive effects
@: lethally poisoned (0 -> -12), on berserk cooldown, slowed, very slow
A: horns 2, retaliatory headbutt
a: Renounce Religion, Berserk, Trog's Hand


You were on level 4 of the Dungeon.
You worshipped Trog.
Trog was pleased with you.
You visited 1 branch of the dungeon, and saw 4 of its levels.

You collected 188 gold pieces.

Inventory:

Hand Weapons
 a - a +0 hand axe (weapon)
Armour
 n - the +3 leather armour "Gimuduvoepn" {+Inv Regen+ Slay-4}
   (You found it on level 3 of the Dungeon)

   Slay:      It affects your accuracy & damage with ranged weapons and melee
   (-4).
   +Inv:      It lets you turn invisible.
   Regen:     It increases your rate of health regeneration.
 o - a +0 plate armour (worn)
Scrolls
 b - a scroll of immolation {unknown}
 c - a scroll of enchant weapon {unknown}
 d - a scroll of vulnerability {unknown}
 f - a scroll of blinking {unknown}
 h - 2 scrolls of identify {unknown}
 i - a scroll of torment {unknown}
Potions
 e - 2 potions of flight {unknown}
 g - a potion of attraction {unknown}
 j - a potion of cancellation {unknown}
 k - a potion of mutation {unknown}
 l - a potion of ambrosia {unknown}
 m - a potion of haste
 p - a potion of curing {unknown}


   Skills:
 + Level 6.1 Fighting
 + Level 6.1 Axes
 + Level 5.4 Armour
 - Level 2.1 Dodging


You had 5 spell levels left.
You didn't know any spells.
Your spell library contained the following spells:

 Spells                   Type           Power      Damage    Failure   Level
 Sandblast                Erth           0%         2d4       100%        1
 Passwall                 Tmut/Erth      0%         N/A       100%        2
 Stone Arrow              Conj/Erth      0%         3d7       100%        3


Dungeon Overview and Level Annotations

Branches:
Dungeon (4/15)
 Temple: D:4-7

Altars:
The Shining One

Shops:
D:3 :


Innate Abilities, Weirdness & Mutations

You have a pair of horns on your head.
You reflexively headbutt those who attack you in melee.


Message History

The gnoll hits you but does no damage. The gnoll closely misses you.
Unknown command.
You take 8 damage, and have 19/85 hp.
You barely miss the gnoll. You closely miss the jackal.
The jackal bites you but does no damage.
The gnoll hits you with a +1 whip of venom.
* * * LOW HITPOINT WARNING * * *
You are poisoned.
You take 1 damage, and have 18/85 hp.
Unknown command.
You slash the gnoll!
The gnoll is almost dead.
You hit the jackal.
You kill the jackal!
Trog accepts your kill.
You feel sick.
The gnoll hits you but does no damage. x2
You take 2 damage, and have 16/85 hp.
You closely miss the gnoll.
The gnoll is almost dead.
You feel sick.
The gnoll hits you with a +1 whip of venom.
* * * LOW HITPOINT WARNING * * *
The gnoll hits you from afar with a +0 halberd.
* * * LOW HITPOINT WARNING * * *
You take 7 damage, and have 9/85 hp.
You are too berserk!
You feel sick.
You take 1 damage, and have 8/85 hp.
The gnoll attacks as you move away!
The gnoll hits you with a +1 whip of venom.
* * * LOW HITPOINT WARNING * * *
You are lethally poisoned!
You feel a strong urge to attack something.
* * * LOW HITPOINT WARNING * * *
You feel very sick.
You take 5 damage, and have 3/85 hp.
You are no longer berserk.
You are exhausted.
You feel yourself slow down.
You die...

...#####.........#............#..
...# #.≈≈≈≈≈≈≈.#......######..#
...# #≈..≈≈≈..≈#......# #.##
..... #≈.≈...≈.≈#...>..# ##.#
....# ##≈.≈._.≈.≈#......#####..#
..... .#≈.≈...≈.≈#......##....##
###.##^#≈..≈≈≈..≈#......#..####
...#.≈≈≈≈≈≈≈.#........##
####..#........@#.########
##......#########..#
......†#......#...g######..
...†.......###.......gg....
.......#............g......
.......##........##.g......
.......#..........##.......
.......#.......... .......
.......#.......... .......


You could see 3 gnolls.

Vanquished Creatures
  An ogre (D:4)
  A kobold brigand (D:3)
  A scorpion (D:4)
  2 orc priests (D:3)
  Natasha (thrice) (D:2)
  An adder (D:3)
  2 worms (D:2)
  3 dart slugs
  5 orcs
  10 endoplasms
  4 giant cockroaches
  6 goblins
  8 hobgoblins
  6 jackals
  5 quokkas
  A ball python (D:3)
  5 bats
  4 frilled lizards
  9 kobolds
  4 rats
81 creatures vanquished.

Notes
Turn   | Place    | Note
-------+----------+-------------------------------------------
     0 | D:1      | spardeous the Minotaur Berserker began the quest for the
                  | Orb.
     0 | D:1      | Reached XP level 1. HP: 19/19 MP: 0/0
   193 | D:1      | Reached XP level 2. HP: 26/27 MP: 1/1
   760 | D:1      | Reached ** piety under Trog
   889 | D:1      | Reached XP level 3. HP: 31/33 MP: 2/2
  1325 | D:2      | Found a faded altar of an unknown god.
  1328 | D:2      | Noticed Natasha
  1335 | D:2      | Killed Natasha
  1336 | D:2      | Reached XP level 4. HP: 35/41 MP: 3/3
  1645 | D:2      | Found a faded altar of an unknown god.
  1772 | D:2      | Noticed Natasha
  1782 | D:2      | Killed Natasha
  1879 | D:2      | Noticed Natasha
  1884 | D:2      | Killed Natasha
  2030 | D:3      | Found Mojoto's Book Shoppe.
  2040 | D:3      | Noticed a kobold brigand
  2055 | D:3      | Killed a kobold brigand
  2056 | D:3      | Reached skill level 5 in Fighting
  2056 | D:3      | Reached skill level 5 in Axes
  2056 | D:3      | Reached XP level 5. HP: 47/48 MP: 4/4
  2181 | D:3      | Reached XP level 6. HP: 34/56 MP: 5/5
  2660 | D:3      | Identified the +3 leather armour "Gimuduvoepn" {+Inv Regen+
                  | Slay-4}
  3023 | D:4      | Reached skill level 5 in Armour
  3058 | D:4      | Found a glowing golden altar of the Shining One.
  3277 | D:4      | HP: 3/85 [poisoned by a gnoll]
  3278 | D:4      | Succumbed to a gnoll's poison

Illustrated notes

Levels and vault maps discovered:
D:1:      shiori_shiawase, layout_basic
D:2:      layout_rooms, ebering_ecumenical_altar_box, grunt_ministairs_8,
          uniq_natasha
D:3:      layout_basic, serial_shops, nicolae_shop_tiny_statue_garden,
          chequers_serial_rivers_room_b, grunt_decor_arrowhead
D:4:      layout_rooms, mainiacjoe_overflow_paths

Skill      XL: |  1  2  3  4  5  6 |
---------------+-------------------+-----
Fighting       | 4 5 6 |  6.1
Axes           | 4 5 6 |  6.1
Armour         | 3 4 5 |  5.4
Dodging        | |  2.1

Action                     |  1- 3 |  4- 6 || total
---------------------------+-------+-------++-------
  Melee: Hand axe          |    73 |    81 ||   154
         Headbutt          |    12 |    11 ||    23
         Punch             |       |     2 ||     2
 Invoke: Berserk           |       |     2 ||     2
   Stab: Sleeping          |     1 |       ||     1
 Armour: Animal skin       |    13 |       ||    13
         Ring mail         |     9 |    18 ||    27
         Plate armour      |       |    17 ||    17
  Dodge: Dodged            |    42 |    45 ||    87
